 Dungeon Crawl Stone Soup version 0.28-b1-1-g3c77fb2ed1 (webtiles) character file.

Game seed: 12279345690338099478

117177 KamiKatze the Executioner (level 16, -1/223 HPs)
             Began as a Minotaur Berserker on Jan 28, 2022.
             Was the Champion of Trog.
             Killed from afar by a fire dragon (7 damage)
             ... with a blast of flame
             ... on level 14 of the Dungeon.
             The game lasted 02:03:12 (24369 turns).

KamiKatze the Executioner (Minotaur Berserker)     Turns: 24369, Time: 02:03:12

Health: -1/223     AC: 20    Str: 30    XL:     16   Next: 22%
Magic:  15/15      EV: 12    Int:  4    God:    Trog [******]
Gold:   3057       SH:  0    Dex: 10    Spells: 15/15 levels left

rFire   + + +      SeeInvis +   a - +6 battleaxe of Chance {flame, rF+ rC+ rCorr}
rCold   + + .      Faith    .   (shield currently unavailable)
rNeg    + . .      Spirit   .   v - +1 plate armour {Will+}
rPois   +          Reflect  .   o - -2 hat of the Alchemist {rElec rPois rF+ rC+ rN+ Will+ rMut rCorr}
rElec   +          Harm     .   r - +0 cloak {rF+}
rCorr   +          Rampage  .   S - +0 pair of gloves
rMut    +                       H - +1 pair of boots
Will    +++++                   U - amulet of regeneration
Stlth   ..........              t - +4 ring of protection
HPRegen 2.27/turn               I - ring "Syogiac" {Will+ SInv}
MPRegen 0.14/turn

@: berserking, strong-willed, regenerating, very quick
A: horns 2, retaliatory headbutt, deformed body
a: Renounce Religion, Berserk, Trog's Hand, Brothers in Arms


You were on level 14 of the Dungeon.
You worshipped Trog.
Trog was exalted by your worship.
You visited 4 branches of the dungeon, and saw 23 of its levels.
You also visited: Ossuary, Gauntlet, Ice Cave and Volcano.

You collected 3368 gold pieces.
You spent 311 gold pieces at shops.

Inventory:

Hand Weapons
 a - the +6 battleaxe of Chance (weapon) {flame, rF+ rC+ rCorr}
   (Trog gifted it to you on level 12 of the Dungeon)

   It burns those it strikes, dealing additional fire damage.
   Big, fiery blades are also staple armaments of hydra-hunters.
   rF:        It protects you from fire.
   rC:        It protects you from cold.
   rCorr:     It protects you from acid and corrosion.
 b - the +7 great mace of Poverty {venom, rPois}
   (You bought it in a shop on level 7 of the Dungeon)

   It poisons the flesh of those it strikes.
   rPois:     It protects you from poison.
 D - a +0 executioner's axe
Missiles
 q - 2 atropa-tipped darts
 u - 30 poisoned darts (quivered)
 P - 3 throwing nets
 W - 6 curare-tipped darts
Armour
 o - the -2 hat of the Alchemist (worn) {rElec rPois rF+ rC+ rN+ Will+ rMut rCorr}
   (You acquired it in a Gauntlet)

   rF:        It protects you from fire.
   rC:        It protects you from cold.
   rElec:     It insulates you from electricity.
   rPois:     It protects you from poison.
   rN:        It protects you from negative energy.
   rCorr:     It protects you from acid and corrosion.
   rMut:      It protects you from mutation.
   Will:      It increases your willpower.
 r - a +0 cloak of fire resistance (worn)
 v - a +1 plate armour of willpower (worn)
 H - a +1 pair of boots (worn)
 S - a +0 pair of gloves (worn)
Jewellery
 t - a +4 ring of protection (left hand)
 y - the ring "Wibby" {rPois rF+ Int+4}
   (You found it in a Gauntlet)

   [ring of poison resistance]

   Int:       It affects your intelligence (+4).
   rF:        It protects you from fire.
   rPois:     It protects you from poison.
 I - the ring "Syogiac" (right hand) {Will+ SInv}
   (You found it on level 6 of the Lair of Beasts)

   [ring of willpower]

   SInv:      It lets you see invisible.
   Will:      It increases your willpower.
 O - a ring of flight
 U - an amulet of regeneration (around neck)
 Z - the ring of Liberty {Ice Stlth+}
   (You found it in a Gauntlet)

   [ring of ice]

   It enhances your ice magic.
   rF:        It makes you vulnerable to fire.
   rC:        It protects you from cold.
   Stlth:     It makes you more stealthy.
Wands
 m - a wand of iceblast (5)
 x - a wand of charming (30)
 z - a wand of acid (6)
 C - a wand of digging (30)
 E - a wand of paralysis (13)
 F - a wand of mindburst (17)
 Q - a wand of flame (8)
 Y - a wand of polymorph (14)
Scrolls
 d - 5 scrolls of identify
 h - 2 scrolls of blinking
 i - 3 scrolls of fog
 j - 2 scrolls of holy word
 p - 13 scrolls of teleportation
 w - a scroll of enchant armour
 J - a scroll of magic mapping
 T - a scroll of summoning
Potions
 c - 5 potions of flight
 e - 8 potions of might
 f - 2 potions of heal wounds
 g - 6 potions of lignification
 k - 9 potions of attraction
 l - a potion of invisibility
 n - a potion of cancellation
 s - 2 potions of resistance
 A - 7 potions of curing
 K - 3 potions of haste
 N - 5 potions of ambrosia
Miscellaneous
 X - a tin of tremorstones (2/2)


   Skills:
 + Level 15.3 Fighting
 * Level 21.0 Axes
 + Level 15.2 Armour
 + Level 13.9 Dodging
 + Level 9.6 Evocations


You had 15 spell levels left.
You didn't know any spells.
Your spell library was empty.

Dungeon Overview and Level Annotations

Branches:
Dungeon (14/15)            Temple (1/1) D:4            Lair (6/6) D:11
  Swamp (0/4) Lair:4        Snake (0/4) Lair:2        Slime (0/5) Lair:5
    Orc (2/2) D:11            Elf (0/3) Orc:2        Vaults (0/5) D:13
Ossuary (visited)           IceCv (visited)         Volcano (visited)
Gauntlet (visited)

Altars:
Ashenzari
Cheibriados
Dithmenos
Elyvilon
Fedhas
Gozag
Hepliaklqana
Kikubaaqudgha
Makhleb
Nemelex Xobeh
Okawaru
Qazlal
Ru
Sif Muna
Trog
Uskayaw
Vehumet
Wu Jian
Xom
Yredelemnul
Zin
The Shining One
Beogh
Jiyva

Shops:
D:5 !   D:6 *   D:7 [*((:   Orc:2 :!([

Annotations:
D:14 3 runed translucent doors, exclusion: 3 doors, Onucvo's ghost, journeyman FoFi
Lair:3 1 runed translucent door, exclusion: door
Lair:4 exclusion: downstairs
Lair:5 3 runed translucent doors, exclusion: 3 doors, Panli's ghost, journeyman CeAM
Orc:2 1 runed translucent door, exclusion: door, kalagan's ghost, adept DECj


Innate Abilities, Weirdness & Mutations

You have a pair of horns on your head.
You reflexively headbutt those who attack you in melee.
Armour fits poorly on your strangely shaped body.


Message History

You carve the fire dragon like a ham!!! You burn the fire dragon.
Your headbutt misses the fire dragon.
The fire dragon is severely wounded.
You hit the cyan ugly thing. You burn the cyan ugly thing.
You kill the cyan ugly thing!
Trog accepts your kill.
You slash the queen bee! You burn the queen bee. The fire dragon bites you!
* * * LOW HITPOINT WARNING * * *
The fire dragon closely misses you.
The fire dragon tramples you but does no damage.
Your Axes skill increases to level 21!
You slice the fire dragon!! You burn the fire dragon.
The fire dragon is almost dead.
You completely miss the two-headed ogre.
You closely miss the queen bee.
The queen bee stings you but does no damage.
Unknown command.
You slash the two-headed ogre! You burn the two-headed ogre.
The two-headed ogre is moderately wounded.
You hit the fire dragon but do no damage.
You barely miss the queen bee. The two-headed ogre closely misses you.
The two-headed ogre misses you. The fire dragon bites you!
* * * LOW HITPOINT WARNING * * *
The fire dragon closely misses you. x2
You are too berserk!
Unknown command.
You closely miss the fire dragon.
You headbutt the fire dragon, but do no damage.
The fire dragon is almost dead.
You slash the queen bee! You burn the queen bee.
You kill the queen bee!
Trog accepts your kill.
You barely miss the two-headed ogre.
You are too berserk!
You hit the two-headed ogre. You burn the two-headed ogre.
The two-headed ogre is moderately wounded.
You closely miss the red ugly thing. You closely miss the fire dragon.
The fire dragon breathes flames at you. The blast of flame hits you!
You resist.
You die...

.## ..##
##............. ...#
#............... ...#
#............... ...#
................ ##.#
...........!.... ##.#
.......u........ .#.#
.......OD....... ..##
......?@u)...... .###
.......).)......
...###
##########.#######
.....# #...........##
.....###............##
#....................#
#..............##...##
.................####
..................#


You could see a fire dragon (catching breath), 2 ugly things and a two-headed
ogre.

Vanquished Creatures
  Frances (D:14)
  Gastronok (Orc:1)
  A fire giant (D:14)
  An orc warlord (Orc:1)
  Nessos (D:12)
  A dire elephant (Lair:6)
  A minotaur (Gauntlet)
  Josephine (D:10)
  Harold (D:10)
  3 catoblepae
  4 boulder beetles
  9 hydras
  A death knight (D:12)
  4 centaur warriors
  4 ogre magi (Orc:2)
  6 death yaks
  19 two-headed ogres
  Erica (Lair:1)
  A tengu warrior (D:14)
  Urug (D:12)
  A hell knight (Volcano)
  Nergalle (Lair:2)
  3 skeletal warriors (D:13)
  3 sixfirhies (Gauntlet)
  An obsidian statue (Volcano)
  3 orc knights (Orc:1)
  A harpy (D:14)
  3 ugly things
  2 lindwurms (Lair:6)
  2 orc sorcerers (Orc:2)
  4 cyclopes
  2 manticores
  11 elephants
  An ice statue (D:11)
  A rust devil (Gauntlet)
  10 black mambas
  2 molten gargoyles (D:14)
  A smoke demon (Volcano)
  A torpor snail (Lair:6)
  8 gargoyles
  Maggie (D:7)
  13 cane toads
  7 rime drakes
  7 komodo dragons
  2 tengu conjurers
  An efreet (D:13)
  A freezing wraith (D:12)
  2 ice devils (Lair:3)
  A queen bee (shapeshifter) (D:14)
  9 trolls
  4 polar bears
  A hornet (D:9)
  A jumping spider (shapeshifter) (D:12)
  32 blink frogs
  15 slime creatures
  Prince Ribbit (D:6)
  A ynoxinul (Gauntlet)
  13 dream sheep
  2 shadows (D:12)
  2 spriggans
  A wyvern (D:6)
  67 yaks
  7 wraiths
  3 basilisks
  16 humans
  5 fire bats (Volcano)
  A neqoxec (Gauntlet)
  10 vampire mosquitoes
  A death yak simulacrum (IceCv)
  A redback (D:13)
  9 wargs (Orc:2)
  2 chaos spawn (Gauntlet)
  2 nagas (Lair:2)
  A harpy simulacrum (IceCv)
  2 swamp worms (Lair:4)
  3 acid dragons
  2 hell hounds (Volcano)
  14 water moccasins
  A sky beast (D:8)
  An ice beast (D:8)
  23 orc warriors
  3 black bears
  29 ogres
  2 necrophages (D:5)
  6 wolves (Lair:2)
  19 centaurs
  13 bullfrogs
  A gnoll sergeant (D:10)
  3 scorpions
  A cane toad simulacrum (IceCv)
  A wyvern skeleton (D:5)
  16 killer bees
  4 howler monkeys
  5 electric eels
  9 lava snakes
  6 centaur zombies
  A bullfrog zombie (D:6)
  3 hounds
  2 jellies
  A gnoll shaman (D:6)
  A human zombie (Ossuary)
  A centaur skeleton (D:6)
  6 orc priests
  4 iron imps (Gauntlet)
  A bullfrog skeleton (D:5)
  4 iguanas
  19 orc wizards
  Terence (D:2)
  3 polar bear simulacra (IceCv)
  2 killer bee zombies
  2 hound zombies (Ossuary)
  4 mummies
  A howler monkey zombie (D:8)
  8 gnolls
  A howler monkey skeleton (D:5)
  5 adders
  A white imp (D:7)
  3 adder zombies (Ossuary)
  4 dart slugs
  58 orcs
  3 bats
  6 endoplasms
  7 giant cockroaches
  8 goblins
  6 hobgoblins
  4 quokkas
  7 ball pythons
  3 goblin zombies (Ossuary)
  6 hobgoblin zombies (Ossuary)
  4 jackal zombies (Ossuary)
  4 kobolds
  5 kobold zombies
  6 orc zombies
  4 quokka zombies (Ossuary)
  4 rats
  4 rat zombies (Ossuary)
746 creatures vanquished.

Vanquished Creatures (others)
  A manticore (Lair:5)
  A bullfrog (Lair:4)
  A fire vortex (D:14)
  34 fungi
  54 plants
  5 toadstools (Lair:3)
96 creatures vanquished.

Grand Total: 842 creatures vanquished

Notes
Turn   | Place    | Note
-------+----------+-------------------------------------------
     0 | D:1      | KamiKatze the Minotaur Berserker began the quest for the
                  | Orb.
     0 | D:1      | Reached XP level 1. HP: 19/19 MP: 0/0
   282 | D:1      | Reached XP level 2. HP: 21/27 MP: 1/1
   377 | D:1      | Reached skill level 4 in Axes
   481 | D:1      | Found a faded altar of an unknown god.
   801 | D:2      | Reached XP level 3. HP: 22/33 MP: 2/2
   967 | D:2      | Reached ** piety under Trog
  1259 | D:2      | Noticed Terence
  1269 | D:2      | Killed Terence
  1270 | D:2      | Reached XP level 4. HP: 38/40 MP: 3/3
  1816 | D:3      | Reached skill level 5 in Axes
  2292 | D:4      | Noticed a scorpion
  2297 | D:4      | Killed a scorpion
  2298 | D:4      | Reached XP level 5. HP: 38/47 MP: 4/4
  2851 | D:4      | Reached XP level 6. HP: 23/55 MP: 5/5
  2997 | D:4      | Found a staircase to the Ecumenical Temple.
  3003 | Temple   | Entered the Ecumenical Temple
  3566 | D:5      | Entered Level 5 of the Dungeon
  3576 | D:5      | Reached skill level 6 in Axes
  3579 | D:5      | Reached skill level 5 in Fighting
  3703 | D:5      | Found Nisym's Distillery.
  3718 | D:5      | Bought a potion of degeneration for 13 gold pieces
  3874 | D:5      | Reached XP level 7. HP: 57/61 MP: 6/6
  4048 | D:5      | Reached skill level 1 in Evocations
  4087 | D:5      | Reached skill level 7 in Axes
  4346 | D:6      | Found a sand-covered staircase.
  4353 | Ossuary  | Entered an ossuary
  4363 | Ossuary  | Reached *** piety under Trog
  4393 | Ossuary  | Reached skill level 5 in Armour
  4741 | D:6      | Reached **** piety under Trog
  4779 | D:6      | Reached XP level 8. HP: 60/70 MP: 7/7
  4906 | D:6      | Reached skill level 8 in Axes
  4906 | D:6      | Reached skill level 5 in Dodging
  5030 | D:6      | Noticed Prince Ribbit
  5081 | D:6      | Killed Prince Ribbit
  5265 | D:6      | Noticed a two-headed ogre
  5398 | D:6      | Killed a two-headed ogre
  5399 | D:6      | Reached skill level 9 in Axes
  5399 | D:6      | Reached XP level 9. HP: 23/79 MP: 8/8
  5533 | D:6      | Found Nihyuno's Elemental Accessories.
  5862 | D:6      | Reached skill level 10 in Axes
  6065 | D:7      | Noticed Maggie
  6089 | D:7      | Killed Maggie
  6171 | D:7      | Noticed a gargoyle
  6174 | D:7      | Noticed a gargoyle
  6186 | D:7      | Noticed a gargoyle
  6186 | D:7      | Noticed a gargoyle
  6196 | D:6      | Killed a gargoyle
  6197 | D:6      | Reached skill level 11 in Axes
  6322 | D:6      | Killed a gargoyle
  6387 | D:6      | Reached XP level 10. HP: 76/89 MP: 9/9
  6393 | D:6      | Killed a gargoyle
  6742 | D:6      | Killed a gargoyle
  6985 | D:7      | Noticed a gargoyle
  6998 | D:7      | Killed a gargoyle
  7131 | D:7      | Found Caubb's Book Emporium.
  7143 | D:7      | Found Imemi's Antique Weapon Shop.
  7192 | D:7      | Found Onigecub's Assorted Antiques.
  7205 | D:7      | Bought a scroll labelled TIWONO UPAAPP for 22 gold pieces
  7340 | D:7      | Found Gaosiex's Armour Shoppe.
  7470 | D:7      | Found Ateano's Antique Weapon Emporium.
  7812 | D:8      | Reached skill level 12 in Axes
  7823 | D:8      | Noticed a cyclops
  7833 | D:8      | Killed a cyclops
  8543 | D:9      | Noticed a two-headed ogre
  8556 | D:9      | Killed a two-headed ogre
  8799 | D:9      | Reached skill level 13 in Axes
  8881 | D:9      | Reached XP level 11. HP: 93/99 MP: 10/10
  9133 | D:9      | Found a sacrificial altar of Ru.
  9303 | D:10     | Entered Level 10 of the Dungeon
  9476 | D:10     | Reached skill level 10 in Fighting
  9595 | D:10     | Identified the +3 fustibalus of Disaster {vorpal, rPois rC-
                  | Will+ Int+7}
  9788 | D:10     | Noticed Harold
  9992 | D:10     | Killed Harold
 10148 | D:10     | Noticed Josephine
 10163 | D:10     | Killed Josephine
 10167 | D:10     | Reached skill level 10 in Armour
 10170 | D:10     | Reached skill level 14 in Axes
 10593 | D:11     | Found a staircase to the Lair.
 10808 | D:11     | Noticed a boulder beetle
 10823 | D:11     | Killed a boulder beetle
 10859 | D:11     | Found a staircase to the Orcish Mines.
 11026 | D:11     | Noticed a two-headed ogre
 11044 | D:11     | Killed a two-headed ogre
 11045 | D:11     | Reached XP level 12. HP: 105/110 MP: 11/11
 11456 | Lair:1   | Entered Level 1 of the Lair of Beasts
 11528 | D:7      | Bought a fine great mace for 276 gold pieces
 11528 | D:7      | Identified the +7 great mace of Poverty {venom, rPois} (You
                  | bought it in a shop on level 7 of the Dungeon)
 11714 | Lair:1   | Noticed Erica
 11719 | Lair:1   | Killed Erica
 11720 | Lair:1   | Reached skill level 15 in Axes
 11874 | Lair:1   | Noticed a six-headed hydra
 11916 | D:11     | Killed a six-headed hydra
 11917 | D:11     | Reached skill level 10 in Dodging
 12379 | Lair:1   | Noticed a six-headed hydra
 12417 | Lair:1   | Killed a six-headed hydra
 12539 | Lair:2   | Found a white marble altar of Elyvilon.
 12544 | Lair:2   | Noticed a four-headed hydra
 12561 | Lair:2   | Killed a four-headed hydra
 12645 | Lair:2   | Found a staircase to the Snake Pit.
 12782 | Lair:2   | Reached skill level 5 in Evocations
 12796 | Lair:3   | Identified a scroll of acquirement
 12815 | Lair:3   | Found a frozen archway.
 12827 | Lair:3   | Reached skill level 16 in Axes
 12889 | IceCv    | Entered an ice cave
 12899 | IceCv    | Reached ***** piety under Trog
 12953 | IceCv    | Identified the +2 leather armour "Yxzin" {Harm rPois}
 13322 | Lair:2   | Noticed Nergalle
 13347 | Lair:2   | Killed Nergalle
 13368 | Lair:2   | Reached XP level 13. HP: 112/117 MP: 12/12
 13868 | Lair:3   | Received a gift from Trog
 14275 | Lair:3   | Noticed a dire elephant
 14275 | Lair:3   | Noticed a dire elephant
 14295 | Lair:3   | Found a runed translucent door.
 14532 | Lair:4   | Reached skill level 17 in Axes
 14646 | Lair:4   | Found a dark tunnel.
 14660 | Volcano  | Entered a volcano
 14806 | Volcano  | Found a radiant altar of Vehumet.
 15534 | Lair:4   | Found a staircase to the Swamp.
 15753 | Lair:5   | Reached XP level 14. HP: 115/129 MP: 13/13
 15839 | Lair:5   | Found a gate leading to a gauntlet.
 15856 | Gauntlet | Entered a Gauntlet
 15856 | Gauntlet | Found a transporter.
 15856 | Gauntlet | Found a transporter.
 15858 | Gauntlet | Found a runed translucent door.
 15871 | Gauntlet | Found a transporter.
 15871 | Gauntlet | Found a transporter.
 15888 | Gauntlet | Found a transporter.
 15894 | Gauntlet | Found a transporter.
 15906 | Gauntlet | Found a transporter.
 15919 | Gauntlet | Found a transporter.
 15919 | Gauntlet | Noticed a reaper
 15928 | Gauntlet | Found a transporter.
 15929 | Gauntlet | Found a transporter.
 15977 | Gauntlet | Found a transporter.
 15978 | Gauntlet | Found a transporter.
 16109 | Gauntlet | Gained mutation: Armour fits poorly on your strangely
                  | shaped body. [a neqoxec]
 16157 | Gauntlet | Acquired 1063 gold pieces
 16159 | Gauntlet | Acquired the -2 hat of the Alchemist {rElec rPois rF+ rC+
                  | rN+ Will+ rMut rCorr}
 16159 | Gauntlet | Found the -2 hat of the Alchemist {rElec rPois rF+ rC+ rN+
                  | Will+ rMut rCorr}
 16335 | Gauntlet | Identified the +10 quarterstaff "Zymeijul" {vorpal, *Slow
                  | Will++ Str+7} (Trog gifted it to you in a Gauntlet)
 16335 | Gauntlet | Received a gift from Trog
 16348 | Gauntlet | Identified the ring of Liberty {Ice Stlth+}
 16361 | Gauntlet | Reached skill level 18 in Axes
 16372 | Gauntlet | Identified the ring "Wibby" {rPois rF+ Int+4}
 16546 | Gauntlet | Found the +11 plutonium sword {Contam Stlth-}
 16546 | Gauntlet | Identified the +10 shortbow "Icoih" {flame, rPois rF+ rC+}
 16634 | Lair:5   | Found a runed translucent gate.
 16634 | Lair:5   | Found a runed translucent gate.
 16634 | Lair:5   | Found a runed translucent gate.
 16650 | Lair:5   | Noticed Panli's ghost (journeyman CeAM)
 16995 | Lair:5   | HP: 1/129 [catoblepas (7)]
 17241 | Lair:5   | Found a runed translucent door.
 17249 | Lair:5   | Found a viscous altar of Jiyva.
 17315 | Lair:5   | Found a staircase to the Slime Pits.
 17704 | Lair:6   | Entered Level 6 of the Lair of Beasts
 17887 | Lair:6   | Identified the ring "Syogiac" {Will+ SInv}
 18740 | Lair:6   | Reached skill level 19 in Axes
 19146 | Lair:6   | Reached ****** piety under Trog
 19202 | Lair:6   | Identified the +7 great sword of Action {vorpal, rF+ Str+8}
 19478 | Orc:1    | Entered Level 1 of the Orcish Mines
 19500 | Orc:1    | Reached XP level 15. HP: 127/138 MP: 14/14
 19535 | Orc:2    | Entered Level 2 of the Orcish Mines
 19544 | Orc:1    | Identified the +8 battleaxe "Morawk" {vorpal, *Corrode
                  | rF+++ Dex+6} (Trog gifted it to you on level 1 of the
                  | Orcish Mines)
 19544 | Orc:1    | Received a gift from Trog
 19602 | Orc:2    | Noticed an orc warlord
 19711 | Orc:1    | Killed an orc warlord
 20335 | Orc:2    | Received a gift from Trog
 20393 | Orc:2    | Found a staircase to the Elven Halls.
 20584 | Orc:2    | Reached skill level 20 in Axes
 20593 | Orc:2    | Noticed kalagan's ghost (adept DECj)
 20686 | Orc:2    | Found a runed translucent door.
 20737 | Orc:2    | Found Xefei's Distillery.
 20737 | Orc:2    | Found Kikheh's Book Boutique.
 20738 | Orc:2    | Found Geustest's Armour Shop.
 20738 | Orc:2    | Found Tiodd's Weapon Emporium.
 21244 | Orc:1    | Found an iron altar of Okawaru.
 21387 | Orc:1    | Noticed Gastronok
 21399 | Orc:1    | Killed Gastronok
 21705 | D:12     | Identified the +6 battleaxe of Chance {flame, rF+ rC+
                  | rCorr} (Trog gifted it to you on level 12 of the Dungeon)
 21705 | D:12     | Received a gift from Trog
 22551 | D:13     | Noticed Nessos
 22555 | D:13     | Noticed Urug
 22589 | D:12     | Killed Urug
 22817 | D:13     | Reached skill level 15 in Fighting
 22944 | D:12     | Killed Nessos
 22979 | D:13     | Found a gate to the Vaults.
 23189 | D:12     | Reached XP level 16. HP: 142/149 MP: 15/15
 23447 | D:13     | Reached skill level 15 in Armour
 23909 | D:14     | Noticed Onucvo's ghost (journeyman FoFi)
 23910 | D:14     | Noticed a sphinx
 23915 | D:14     | Found a runed translucent gate.
 23915 | D:14     | Found a runed translucent gate.
 23915 | D:14     | Found a runed translucent gate.
 23992 | D:14     | Found a white marble altar of Elyvilon.
 24037 | D:14     | Received a gift from Trog
 24342 | D:14     | Noticed Frances
 24361 | D:14     | Killed Frances
 24366 | D:14     | Reached skill level 21 in Axes
 24367 | D:14     | HP: 4/223 [fire dragon (12)]
 24369 | D:14     | Killed from afar by a fire dragon

Illustrated notes

Levels and vault maps discovered:
D:1:      kennysheep_arrival_seaside, layout_basic,
          hellmonk_ecumenical_altar_defaced_shrine, minmay_pentomino_s2
D:2:      layout_basic, kennysheep_generic_room_8, uniq_terence
D:3:      layout_basic
D:4:      layout_basic, minmay_temple_entry_fiery
D:5:      layout_loops_ring, serial_shops,
          nicolae_shop_temple_entry_statues_fountains,
          chequers_serial_rivers_micro_b
D:6:      layout_basic, nicolae_ossuary_entry_giza, dk_noncrumbling_2,
          minmay_misc_feat_four_crosses, kennysheep_nub, nicolae_elemental_shop,
          uniq_prince_ribbit1
D:7:      cheibrodos_statue_roulette, layout_cave_pools, serial_shops, shop,
          shop_fountains, nicolae_inconvenience_store, shop,
          nicolae_shop_behind_doors, uniq_maggie
D:8:      layout_basic
D:9:      minmay_inner_zag, layout_rooms, nicolae_ru_path_of_blood
D:10:     layout_gridville, uniq_josephine, uniq_harold
D:11:     layout_loops_ring, dpeg_oklobed_lair, orc_0_dummy, minivault_16
D:12:     layout_irregular_city, hangedman_decor_diamond_cutter
D:13:     layout_loops_ring, david_vaults_3
D:14:     hourglass_vault, layout_cave_pools, gammafunk_ghost_split,
          kennysheep_big_empty_room, elyvilon_altar_1, uniq_frances
Temple:   mainiacjoe_temple_archimedes_tessellation
Lair:1:   layout_small_grid, grunt_forest_large_clearing_hut, uniq_erica
Lair:2:   layout_misc_corridors, guppyfry_snake_entry_garden, basic_altar,
          forest_entry_grove, grunt_megastairs_1, uniq_nergalle
Lair:3:   gammafunk_lair_enchanted_lake, layout_cave_shapes,
          portal_ice_cave_demonic_guard, nicolae_lair_liquid_snakes
Lair:4:   layout_loops_ring, nicolae_swamp_entry_splash_gauntlet,
          enter_volcano_4
Lair:5:   nzn_motion_control, layout_cave_pods, slime_altar_2,
          maelrawn_ghost_gauntlet_escape, gauntlet_entry_generic, st_stairs_7,
          uniq_nessos, uniq_urug
Lair:6:   hangedman_lair_in_review, layout_cellular_growth, nzn_sisyphean_effort
Orc:1:    layout_diamond_mine, okawaru_metal_pillars_3, uniq_gastronok
Orc:2:    st_orc_ogre_mass, layout_caves, hellmonk_ghost_happy_afterlife

Skill      XL: |  1  2  3  4  5  6  7  8  9 10 11 12 13 14 15 16 |
---------------+-------------------------------------------------+-----
Axes           | 4 5 6 7 9 11 13 14 16 17 19 20 21 | 21.0
Fighting       | 4 5 6 7 8 9 11 12 13 14 15 | 15.3
Armour         | 3 4 5 6 7 9 10 11 12 13 14 15 | 15.2
Dodging        | 3 4 5 7 8 9 10 11 12 13 | 13.9
Evocations     | 2 3 5 6 8 9 |  9.6

Action                   |  1- 3 |  4- 6 |  7- 9 | 10-12 | 13-15 | 16-18 || total
-------------------------+-------+-------+-------+-------+-------+-------++-------
Melee: Hand axe          |    73 |   145 |   302 |   666 |  1045 |       ||  2231
       Headbutt          |    12 |    21 |    72 |   161 |   353 |    19 ||   638
       Punch             |     2 |     2 |     9 |    11 |    21 |       ||    45
       Great mace        |       |       |       |    17 |     6 |       ||    23
       Broad axe         |       |       |       |       |    64 |       ||    64
       Battleaxe         |       |       |       |       |   161 |    70 ||   231
Throw: Stone             |     7 |       |       |       |       |       ||     7
       Dart              |       |     2 |    29 |     7 |     3 |       ||    41
Invok: Berserk           |     2 |     2 |     6 |    17 |    10 |     1 ||    38
       Trog's Hand       |       |       |     2 |     3 |     3 |     1 ||     9
Evoke: Wand              |       |       |     2 |     4 |     4 |       ||    10
  Use: Scroll            |       |       |     5 |    16 |     6 |       ||    27
       Potion            |       |       |       |       |     1 |       ||     1
 Stab: Sleeping          |     1 |       |       |       |       |       ||     1
       Distracted        |       |       |       |     1 |       |       ||     1
       Petrified         |       |       |       |       |     2 |       ||     2
       Petrifying        |       |       |       |       |     1 |       ||     1
Armor: Animal skin       |     3 |       |       |       |       |       ||     3
       Scale mail        |    24 |    64 |   107 |     6 |       |       ||   201
       Swamp dragon scal |       |       |       |   270 |   359 |       ||   629
       Chain mail        |       |       |       |       |     6 |       ||     6
       Plate armour      |       |       |       |       |    70 |    41 ||   111
Dodge: Dodged            |    40 |    71 |   150 |   425 |   801 |    61 ||  1548
